Bruins vs Capitals

Created - 21 mars 2018 at 19:41

Goals
1 2 3 OT1 T
Bruins 0 1 0 1 2
Capitals 0 0 1 0 1
Shots
1 2 3 OT1 T
Bruins 13 11 8 3 35
Capitals 8 8 12 3 31

1st period

No Goal

Penalties :
No Penalty

2nd period

1. Bruins , Jason Pominville 9 (Patrice Bergeron 34, Travis Zajac 26) at 5:40

Penalties :
No Penalty

3rd period

2. Capitals , Jake Guentzel 10 (Josh Bailey 34, Zach Bogosian 8) at 11:44

Penalties :
Jake Guentzel (WAS) for Holding (Minor) at 0:42, Zach Bogosian (WAS) for Holding (Minor) at 6:02

Overtime #1

3. Bruins , Derick Brassard 28 (Patrice Bergeron 35) at 1:25

Penalties :
No Penalty

Goalie Stats

Juuse Saros (BOS), 30 saves from 31 shots - (0,968), W, 8-5-0, 61:25 minutes
Jonathan Quick (WAS), 33 saves from 35 shots - (0,943), OTL, 26-17-7, 61:25 minutes

Players Stats for Bruins

Player Name              G  A  P  +/- PIM S  H  SB GA TA FO     MP     PP MP  PK MP  
------------------------------------------------------------------------------------
Alex Killorn             0  0  0   0  0   2  1  1  0  0  0/1    16:23   0:03   0:00 
Anthony Mantha           0  0  0  -1  0   5  1  0  0  0  0/0    17:22   2:01   0:00 
David Desharnais         0  0  0   0  0   2  1  0  0  0  0/0    10:20   0:00   0:00 
Derick Brassard          1  0  1   2  0   4  3  1  2  0  0/0    16:37   2:01   0:00 
Jakob Chychrun           0  0  0   0  0   1  4  1  0  0  0/0    20:40   1:30   0:00 
Jason Demers             0  0  0   1  0   2  0  1  0  2  0/0    22:00   2:28   0:00 
Jason Pominville         1  0  1   1  0   1  0  0  0  0  1/1    14:18   0:03   0:00 
Joel Edmundson           0  0  0   0  0   2  0  0  0  2  0/0    18:56   1:30   0:00 
Kyle Okposo              0  0  0   0  0   2  0  0  2  1  1/1    18:59   1:54   0:00 
Marc Staal               0  0  0   0  0   2  2  1  0  1  0/0    17:14   0:00   0:00 
Matt Stajan              0  0  0   0  0   2  0  0  1  0  0/1    10:07   0:00   0:00 
Nikolay Kulemin          0  0  0  -1  0   1  2  0  0  0  1/1    15:08   0:00   0:00 
Patrice Bergeron         0  2  2   2  0   2  2  1  0  0  12/19  17:12   2:04   0:00 
Ryan McDonagh            0  0  0   0  0   0  5  3  0  1  0/0    22:31   2:28   0:00 
Sean Monahan             0  0  0   0  0   3  0  3  0  0  4/13   19:00   1:54   0:00 
Tom Kuhnhackl            0  0  0   0  0   1  1  0  0  1  0/0    10:07   0:00   0:00 
Travis Zajac             0  1  1  -1  0   3  1  0  1  1  11/18  17:17   1:54   0:00 
Xavier Ouellet           0  0  0   0  0   0  2  3  0  2  0/0    20:04   0:00   0:00 

Players Stats for Capitals

Player Name              G  A  P  +/- PIM S  H  SB GA TA FO     MP     PP MP  PK MP  
------------------------------------------------------------------------------------
Anders Bjork             0  0  0   0  0   3  2  1  1  1  0/1    15:25   0:00   0:55 
Anton Stralman           0  0  0   0  0   0  0  3  0  1  0/0    24:14   0:00   0:49 
Ben Chiarot              0  0  0   0  0   1  0  1  0  1  0/0    17:52   0:00   2:33 
Brendan Smith            0  0  0   0  0   0  1  0  1  0  0/0    17:52   0:00   2:33 
Brock Nelson             0  0  0  -2  0   2  1  0  0  0  0/1    15:42   0:00   0:00 
Claude Giroux            0  0  0  -1  0   3  0  1  2  0  14/18  17:54   0:00   0:42 
Darren Helm              0  0  0   0  0   5  0  0  1  0  5/14   13:45   0:00   0:00 
Ian Cole                 0  0  0   0  0   0  3  0  0  0  0/0    19:34   0:00   1:25 
Jake Guentzel            1  0  1   1  2   2  0  0  2  0  0/0    16:20   0:00   0:00 
Jason Chimera            0  0  0   0  0   2  0  0  1  1  0/0    10:40   0:00   0:51 
Josh Bailey              0  1  1   1  0   3  0  0  1  0  0/1    16:21   0:00   0:00 
Nick Shore               0  0  0   0  0   0  0  0  0  0  1/3    12:01   0:00   2:12 
Oliver Ekman-Larsson     0  0  0  -1  0   5  2  2  1  0  0/0    23:19   0:00   0:00 
Ondrej Palat             0  0  0  -1  0   1  2  0  1  0  0/1    16:11   0:00   0:00 
Riley Sheahan            0  0  0   0  0   0  2  0  0  0  0/3    11:14   0:00   1:25 
Scottie Upshall          0  0  0   0  0   0  0  0  0  0  1/1    15:36   0:00   1:51 
Valtteri Filppula        0  0  0   0  0   4  1  2  0  0  4/12   16:57   0:00   0:00 
Zach Bogosian            0  1  1   0  2   0  1  2  0  2  0/0    19:18   0:00   0:36 

3 Stars

1 - Juuse Saros (BOS)
2 - Derick Brassard (BOS)
3 - Patrice Bergeron (BOS)

Power Play

Bruins - 0 on 2 Attempt(s) - 0,00%
Capitals - 0 on 0 Attempt(s) - 0,00%

Penalty Kill

Bruins - 0 on 0 Attempt(s) - 0,00% - Score 0 goal in Penalty Kill
Capitals - 2 on 2 Attempt(s) - 100,00% - Score 0 goal in Penalty Kill

Team Stat

Bruins - Hits : 25 - Faceoff Wins : 30 - Blocked Shots : 15 - Penalty Minutes : 0
Capitals - Hits : 15 - Faceoff Wins : 25 - Blocked Shots : 12 - Penalty Minutes : 4

Official

Referees : Brian Pochmara and Tom Kowal
Linesman : Mike Cvik and Ryan Gibbons

Game Notes

No Game Note

Finance

Level 1 -- Attendance: 5105 (85,08%) -- Ticket Income 510 500 $
Level 2 -- Attendance: 3435 (68,70%) -- Ticket Income 240 450 $
Level 3 -- Attendance: 1419 (70,95%) -- Ticket Income 59 598 $
Level 4 -- Attendance: 2803 (70,08%) -- Ticket Income 70 075 $
Luxury Box -- Attendance: 845 (84,50%) -- Ticket Income 164 775 $
Game was played at the Washington Arena.
Total Attendance: 13607 (75,59%)
Total Ticket Income: 1 045 398 $
Other Income: 512 245 $
Total Income: 1 557 643 $

Bruins

5 vs 5 Forward 
   Center                   Left Wing                Right Wing               Time % Phy DF OF 
 1 Sean Monahan             Alex Killorn             Kyle Okposo              30     0   1  4  
 2 Patrice Bergeron         Derick Brassard          Jason Pominville         28     0   2  3  
 3 Travis Zajac             Nikolay Kulemin          Anthony Mantha           28     0   2  3  
 4 Matt Stajan              David Desharnais         Tom Kuhnhackl            14     0   5  0  

5 vs 5 Defense 
   Defense                  Defense                                           Time % Phy DF OF 
 1 Ryan McDonagh            Jason Demers                                      34     0   2  3  
 2 Marc Staal               Joel Edmundson                                    33     0   4  1  
 3 Jakob Chychrun           Xavier Ouellet                                    33     0   3  2  
 4 Ryan McDonagh            Xavier Ouellet                                    0      0   5  0  

PowerPlay Forward 
   Center                   Left Wing                Right Wing               Time % Phy DF OF 
 1 Sean Monahan             Travis Zajac             Kyle Okposo              50     0   1  4  
 2 Patrice Bergeron         Derick Brassard          Anthony Mantha           50     0   1  4  

PowerPlay Defense
   Defense                  Defense                                           Time % Phy DF OF 
 1 Ryan McDonagh            Jason Demers                                      60     0   2  3  
 2 Jakob Chychrun           Joel Edmundson                                    40     0   2  3  

Penalty Kill 4 Players Forward 
   Center                   Wing                     Time % Phy DF OF 
 1 Travis Zajac             Matt Stajan              60     0   4  1  
 2 Patrice Bergeron         Tom Kuhnhackl            40     0   5  0  

Penalty Kill 4 Players Defense
   Defense                  Defense                  Time % Phy DF OF 
 1 Marc Staal               Joel Edmundson           50     0   5  0  
 2 Ryan McDonagh            Xavier Ouellet           50     0   5  0  

Penalty Kill - 3 Players Forward 
   Forward                                           Time % Phy DF OF 
 1 Travis Zajac                                      60     0   5  0  
 2 Patrice Bergeron                                  40     0   5  0  

Penalty Kill - 3 Players Defense
   Defense                  Defense                  Time % Phy DF OF 
 1 Marc Staal               Joel Edmundson           50     1   4  0  
 2 Ryan McDonagh            Xavier Ouellet           50     1   4  0  

4 vs 4 Forward 
   Center                   Wing                     Time % Phy DF OF 
 1 Sean Monahan             Kyle Okposo              50     0   1  4  
 2 Patrice Bergeron         Derick Brassard          50     0   2  3  

4 vs 4 Defense
   Defense                  Defense                  Time % Phy DF OF 
 1 Marc Staal               Xavier Ouellet           50     0   3  2  
 2 Ryan McDonagh            Jason Demers             50     0   2  3  

Last Minutes Offensive
   Center                   Left Wing                Right Wing               Defense                  Defense                  
   Sean Monahan             Derick Brassard          Kyle Okposo              Ryan McDonagh            Jason Demers             

Last Minutes Defensive
   Center                   Left Wing                Right Wing               Defense                  Defense                  
   Patrice Bergeron         Travis Zajac             Matt Stajan              Ryan McDonagh            Marc Staal               

Goaltenders
Starting : Juuse Saros              
Backup : Cam Talbot               

Extra Forwards
Normal : Travis Zajac, David Desharnais, Anthony Mantha - PP : Jason Pominville, Alex Killorn - PK : Matt Stajan
Extra Defensemen
Normal : Jakob Chychrun, Joel Edmundson, Xavier Ouellet - PP : Xavier Ouellet - PK : Jason Demers, Jakob Chychrun
Penalty Shots
Jason Pominville, Kyle Okposo, Sean Monahan, Patrice Bergeron, Derick Brassard
Custom OT Lines Forwards
Sean Monahan, Kyle Okposo, Patrice Bergeron, Derick Brassard, Travis Zajac, Anthony Mantha, Matt Stajan, Alex Killorn, Nikolay Kulemin, Jason Pominville
Custom OT Lines Defensemen
Jason Demers, Ryan McDonagh, Xavier Ouellet, Marc Staal, Joel Edmundson

Scratches
Alexander Burmistrov (Healthy), Zemgus Girgensons (Healthy)

Capitals

5 vs 5 Forward 
   Center                   Left Wing                Right Wing               Time % Phy DF OF 
 1 Claude Giroux            Brock Nelson             Ondrej Palat             30     0   2  3  
 2 Valtteri Filppula        Jake Guentzel            Josh Bailey              30     0   1  4  
 3 Darren Helm              Anders Bjork             Scottie Upshall          25     0   2  3  
 4 Riley Sheahan            Nick Shore               Jason Chimera            15     1   3  1  

5 vs 5 Defense 
   Defense                  Defense                                           Time % Phy DF OF 
 1 Oliver Ekman-Larsson     Anton Stralman                                    33     0   3  2  
 2 Ian Cole                 Zach Bogosian                                     30     0   2  3  
 3 Brendan Smith            Ben Chiarot                                       27     0   3  2  
 4 Oliver Ekman-Larsson     Anton Stralman                                    10     0   4  1  

PowerPlay Forward 
   Center                   Left Wing                Right Wing               Time % Phy DF OF 
 1 Claude Giroux            Brock Nelson             Ondrej Palat             60     0   0  5  
 2 Valtteri Filppula        Jake Guentzel            Josh Bailey              40     0   0  5  

PowerPlay Defense
   Defense                  Defense                                           Time % Phy DF OF 
 1 Oliver Ekman-Larsson     Anton Stralman                                    60     0   1  4  
 2 Ian Cole                 Ben Chiarot                                       40     0   1  4  

Penalty Kill 4 Players Forward 
   Center                   Wing                     Time % Phy DF OF 
 1 Nick Shore               Scottie Upshall          60     1   4  0  
 2 Riley Sheahan            Jason Chimera            40     1   4  0  

Penalty Kill 4 Players Defense
   Defense                  Defense                  Time % Phy DF OF 
 1 Ben Chiarot              Brendan Smith            60     1   4  0  
 2 Ian Cole                 Zach Bogosian            40     1   4  0  

Penalty Kill - 3 Players Forward 
   Forward                                           Time % Phy DF OF 
 1 Darren Helm                                       60     0   5  0  
 2 Riley Sheahan                                     40     0   5  0  

Penalty Kill - 3 Players Defense
   Defense                  Defense                  Time % Phy DF OF 
 1 Ben Chiarot              Brendan Smith            60     1   4  0  
 2 Ian Cole                 Zach Bogosian            40     1   4  0  

4 vs 4 Forward 
   Center                   Wing                     Time % Phy DF OF 
 1 Claude Giroux            Ondrej Palat             60     0   2  3  
 2 Valtteri Filppula        Brock Nelson             40     0   2  3  

4 vs 4 Defense
   Defense                  Defense                  Time % Phy DF OF 
 1 Oliver Ekman-Larsson     Anton Stralman           60     0   3  2  
 2 Ian Cole                 Ben Chiarot              40     0   3  2  

Last Minutes Offensive
   Center                   Left Wing                Right Wing               Defense                  Defense                  
   Claude Giroux            Ondrej Palat             Josh Bailey              Oliver Ekman-Larsson     Anton Stralman           

Last Minutes Defensive
   Center                   Left Wing                Right Wing               Defense                  Defense                  
   Claude Giroux            Ondrej Palat             Josh Bailey              Oliver Ekman-Larsson     Anton Stralman           

Goaltenders
Starting : Jonathan Quick           
Backup : Antti Raanta             

Extra Forwards
Normal : Nick Shore, Darren Helm, Riley Sheahan - PP : Nick Shore, Darren Helm - PK : Riley Sheahan
Extra Defensemen
Normal : Brendan Smith, Ian Cole, Anton Stralman - PP : Brendan Smith - PK : Ian Cole, Zach Bogosian
Penalty Shots
Claude Giroux, Ondrej Palat, Valtteri Filppula, Brock Nelson, Josh Bailey
Custom OT Lines Forwards
Claude Giroux, Ondrej Palat, Valtteri Filppula, Brock Nelson, Josh Bailey, Jake Guentzel, Darren Helm, Riley Sheahan, Anders Bjork, Scottie Upshall
Custom OT Lines Defensemen
Oliver Ekman-Larsson, Anton Stralman, Ian Cole, Ben Chiarot, Brendan Smith

Scratches
Drew Miller (Healthy), Brady Skjei (Healthy)

% Time on Ice - Bruins

Lines # - Real PCT - Wanted PCT - Time Play
Normal Forward
1 - 30% - 30% - 16:32
2 - 25% - 28% - 14:15
3 - 27% - 28% - 15:08
4 - 18% - 14% - 10:07
Normal Defense
1 - 34% - 34% - 18:47
2 - 31% - 33% - 17:26
3 - 33% - 33% - 18:46
4 - 2% - 0% - 1:03
PP Forward
1 - 48% - 50% - 1:54
2 - 52% - 50% - 2:04
PP Defense
1 - 62% - 60% - 2:28
2 - 38% - 40% - 1:30
PK Forward
1 - 0% - 60%
2 - 0% - 40%
PK Defense
1 - 0% - 50%
2 - 0% - 50%
PK3 Forward
1 - 0% - 60%
2 - 0% - 40%
PK3 Defense
1 - 0% - 50%
2 - 0% - 50%
44 Forward
1 - 0% - 50%
2 - 0% - 50%
44 Defense
1 - 0% - 50%
2 - 0% - 50%
Last Minute Offensive  - 0:00
Last Minute Defensive  - 0:00
Total
Forward - 60:00
Defense - 60:00

% Time on Ice - Capitals

Lines # - Real PCT - Wanted PCT - Time Play
Normal Forward
1 - 29% - 30% - 16:07
2 - 29% - 30% - 16:21
3 - 25% - 25% - 13:45
4 - 18% - 15% - 9:49
Normal Defense
1 - 30% - 33% - 17:02
2 - 32% - 30% - 18:09
3 - 27% - 27% - 15:19
4 - 10% - 10% - 5:32
PP Forward
1 - 0% - 60%
2 - 0% - 40%
PP Defense
1 - 0% - 60%
2 - 0% - 40%
PK Forward
1 - 79% - 60% - 3:07
2 - 21% - 40% - 0:51
PK Defense
1 - 64% - 60% - 2:33
2 - 36% - 40% - 1:25
PK3 Forward
1 - 0% - 60%
2 - 0% - 40%
PK3 Defense
1 - 0% - 60%
2 - 0% - 40%
44 Forward
1 - 0% - 60%
2 - 0% - 40%
44 Defense
1 - 0% - 60%
2 - 0% - 40%
Last Minute Offensive  - 0:00
Last Minute Defensive  - 0:00
Total
Forward - 60:00
Defense - 60:00

Play by Play

1st period


0:01 of 1st period - Claude Giroux wins face-off versus Sean Monahan in neutral zone.
0:10 of 1st period - Snap shot by Claude Giroux.
0:10 of 1st period - Shot Blocked by Jason Demers.
0:26 of 1st period - Valtteri Filppula is hit by Ryan McDonagh and loses puck.
0:56 of 1st period - Snap shot by Travis Zajac.
0:56 of 1st period - Stopped by Jonathan Quick with a rebound.
1:18 of 1st period - Snap shot by Jason Chimera.
1:18 of 1st period - Shot Misses the Net.
1:34 of 1st period - Off-side.
1:35 of 1st period - Valtteri Filppula wins face-off versus Patrice Bergeron in neutral zone.
1:42 of 1st period - Snap shot by Valtteri Filppula.
1:42 of 1st period - Stopped by Juuse Saros with a rebound.
1:44 of 1st period - Slapshot by Ben Chiarot.
1:44 of 1st period - Shot Blocked by Xavier Ouellet.
1:46 of 1st period - Slapshot by Ben Chiarot.
1:46 of 1st period - Shot Misses the Net.
1:48 of 1st period - Slapshot by Ben Chiarot.
1:48 of 1st period - Deflect By Jake Guentzel.
1:48 of 1st period - Shot Blocked by Derick Brassard.
1:48 of 1st period - Puck is out of play.
1:49 of 1st period - Nikolay Kulemin wins face-off versus Darren Helm in Bruins zone.
2:14 of 1st period - Anton Stralman is hit by Jakob Chychrun and loses puck.
2:47 of 1st period - Ben Chiarot is hit by Derick Brassard and loses puck.
3:12 of 1st period - Slapshot by David Desharnais.
3:12 of 1st period - Stopped by Jonathan Quick without a rebound.
3:13 of 1st period - Darren Helm wins face-off versus Travis Zajac in Capitals zone.
3:13 of 1st period - Darren Helm is hit by Nikolay Kulemin.
4:31 of 1st period - Snap shot by Matt Stajan.
4:31 of 1st period - Stopped by Jonathan Quick with a rebound.
4:51 of 1st period - Wrist shot by Anthony Mantha.
4:51 of 1st period - Stopped by Jonathan Quick with a rebound.
4:53 of 1st period - Snap shot by Travis Zajac.
4:53 of 1st period - Stopped by Jonathan Quick with a rebound.
5:33 of 1st period - Wrist shot by Jake Guentzel.
5:33 of 1st period - Stopped by Juuse Saros with a rebound.
5:55 of 1st period - Wrist shot by David Desharnais.
5:55 of 1st period - Stopped by Jonathan Quick without a rebound.
5:56 of 1st period - Claude Giroux wins face-off versus Travis Zajac in Capitals zone.
6:13 of 1st period - Travis Zajac is hit by Ondrej Palat and loses puck.
6:48 of 1st period - Snap shot by Josh Bailey.
6:48 of 1st period - Shot Blocked by Ryan McDonagh.
6:56 of 1st period - Snap shot by Sean Monahan.
6:56 of 1st period - Shot Blocked by Anton Stralman.
6:58 of 1st period - Slapshot by Sean Monahan.
6:58 of 1st period - Stopped by Jonathan Quick without a rebound.
6:59 of 1st period - Darren Helm wins face-off versus Travis Zajac in Capitals zone.
7:10 of 1st period - Snap shot by Anders Bjork.
7:10 of 1st period - Shot Hit the Post.
7:12 of 1st period - Wrist shot by Anders Bjork.
7:12 of 1st period - Stopped by Juuse Saros with a rebound.
7:28 of 1st period - Wrist shot by Jake Guentzel.
7:28 of 1st period - Shot Misses the Net.
7:36 of 1st period - Wrist shot by Sean Monahan.
7:36 of 1st period - Shot Misses the Net.
8:00 of 1st period - Brendan Smith is hit by Xavier Ouellet and loses puck.
8:13 of 1st period - Snap shot by Patrice Bergeron.
8:13 of 1st period - Stopped by Jonathan Quick without a rebound.
8:14 of 1st period - Jason Pominville wins face-off versus Darren Helm in Capitals zone.
8:15 of 1st period - Snap shot by Derick Brassard.
8:15 of 1st period - Stopped by Jonathan Quick without a rebound.
8:16 of 1st period - Scottie Upshall wins face-off versus Travis Zajac in Capitals zone.
8:16 of 1st period - Scottie Upshall is hit by Travis Zajac.
8:42 of 1st period - Scottie Upshall is hit by Patrice Bergeron.
8:54 of 1st period - Oliver Ekman-Larsson is hit by Derick Brassard and loses puck.
9:03 of 1st period - Wrist shot by Darren Helm.
9:03 of 1st period - Stopped by Juuse Saros without a rebound.
9:04 of 1st period - Claude Giroux wins face-off versus Sean Monahan in Bruins zone.
9:13 of 1st period - Wrist shot by Sean Monahan.
9:13 of 1st period - Stopped by Jonathan Quick without a rebound.
9:14 of 1st period - Claude Giroux wins face-off versus Sean Monahan in Capitals zone.
9:33 of 1st period - Sean Monahan is hit by Ian Cole and loses puck.
10:25 of 1st period - Matt Stajan is hit by Oliver Ekman-Larsson and loses puck.
11:09 of 1st period - Snap shot by Anthony Mantha.
11:09 of 1st period - Stopped by Jonathan Quick without a rebound.
11:10 of 1st period - Claude Giroux wins face-off versus Travis Zajac in Capitals zone.
11:14 of 1st period - Off-side.
11:15 of 1st period - Patrice Bergeron wins face-off versus Nick Shore in neutral zone.
11:45 of 1st period - Slapshot by Travis Zajac.
11:45 of 1st period - Shot Blocked by Anton Stralman.
12:11 of 1st period - Slapshot by Jake Guentzel.
12:11 of 1st period - Shot Blocked by Jakob Chychrun.
13:48 of 1st period - Wrist shot by Darren Helm.
13:48 of 1st period - Stopped by Juuse Saros with a rebound.
15:27 of 1st period - Ben Chiarot is hit by Ryan McDonagh and loses puck.
15:37 of 1st period - Wrist shot by Claude Giroux.
15:37 of 1st period - Stopped by Juuse Saros with a rebound.
15:49 of 1st period - Snap shot by Jake Guentzel.
15:49 of 1st period - Shot Misses the Net.
15:53 of 1st period - Snap shot by Valtteri Filppula.
15:53 of 1st period - Stopped by Juuse Saros with a rebound.
15:55 of 1st period - Snap shot by Oliver Ekman-Larsson.
15:55 of 1st period - Stopped by Juuse Saros without a rebound.
15:56 of 1st period - Travis Zajac wins face-off versus Darren Helm in Bruins zone.
16:21 of 1st period - Claude Giroux is hit by Marc Staal.
17:12 of 1st period - Travis Zajac is hit by Brendan Smith and loses puck.
17:29 of 1st period - Patrice Bergeron is hit by Ian Cole and loses puck.
17:49 of 1st period - Joel Edmundson is hit by Anders Bjork and loses puck.
18:47 of 1st period - Nick Shore is hit by Nikolay Kulemin and loses puck.
18:52 of 1st period - Wrist shot by Anthony Mantha.
18:52 of 1st period - Shot Misses the Net.
18:54 of 1st period - Slapshot by Jason Demers.
18:54 of 1st period - Deflect By Anthony Mantha.
18:54 of 1st period - Stopped by Jonathan Quick without a rebound.
18:55 of 1st period - Patrice Bergeron wins face-off versus Valtteri Filppula in Capitals zone.
18:56 of 1st period - Wrist shot by Derick Brassard.
18:56 of 1st period - Shot Blocked by Valtteri Filppula.
19:00 of 1st period - Slapshot by Patrice Bergeron.
19:00 of 1st period - Stopped by Jonathan Quick without a rebound.
19:01 of 1st period - Patrice Bergeron wins face-off versus Valtteri Filppula in Capitals zone.
19:40 of 1st period - Anders Bjork is hit by Marc Staal.
Goals for this period are 0 for Bruins vs 0 for Capitals.
Shots for this period are 13 for Bruins vs 8 for Capitals.

2nd period


0:01 of 2nd period - Valtteri Filppula wins face-off versus Travis Zajac in neutral zone.
0:04 of 2nd period - Slapshot by Oliver Ekman-Larsson.
0:04 of 2nd period - Stopped by Juuse Saros with a rebound.
0:49 of 2nd period - Snap shot by Jason Pominville.
0:49 of 2nd period - Shot Misses the Net.
1:17 of 2nd period - Wrist shot by David Desharnais.
1:17 of 2nd period - Shot Blocked by Zach Bogosian.
1:19 of 2nd period - Wrist shot by Matt Stajan.
1:19 of 2nd period - Shot Misses the Net.
1:57 of 2nd period - Brock Nelson is hit by Jakob Chychrun and loses puck.
2:13 of 2nd period - Off-side.
2:14 of 2nd period - Patrice Bergeron wins face-off versus Darren Helm in neutral zone.
2:23 of 2nd period - Snap shot by Derick Brassard.
2:23 of 2nd period - Stopped by Jonathan Quick without a rebound.
2:24 of 2nd period - Travis Zajac wins face-off versus Valtteri Filppula in Capitals zone.
2:49 of 2nd period - Wrist shot by Patrice Bergeron.
2:49 of 2nd period - Shot Misses the Net.
2:51 of 2nd period - Wrist shot by Marc Staal.
2:51 of 2nd period - Stopped by Jonathan Quick with a rebound.
2:53 of 2nd period - Snap shot by Patrice Bergeron.
2:53 of 2nd period - Shot Misses the Net.
2:55 of 2nd period - Slapshot by Joel Edmundson.
2:55 of 2nd period - Stopped by Jonathan Quick with a rebound.
2:57 of 2nd period - Snap shot by Jason Pominville.
2:57 of 2nd period - Shot Misses the Net.
2:59 of 2nd period - Snap shot by Jason Pominville.
2:59 of 2nd period - Shot Misses the Net.
3:01 of 2nd period - Slapshot by Marc Staal.
3:01 of 2nd period - Stopped by Jonathan Quick with a rebound.
3:18 of 2nd period - Slapshot by Oliver Ekman-Larsson.
3:18 of 2nd period - Shot Misses the Net.
3:20 of 2nd period - Slapshot by Oliver Ekman-Larsson.
3:20 of 2nd period - Stopped by Juuse Saros with a rebound.
3:22 of 2nd period - Slapshot by Scottie Upshall.
3:22 of 2nd period - Shot Misses the Net.
3:24 of 2nd period - Slapshot by Anton Stralman.
3:24 of 2nd period - Shot Misses the Net.
5:06 of 2nd period - David Desharnais is hit by Riley Sheahan.
5:24 of 2nd period - Snap shot by Josh Bailey.
5:24 of 2nd period - Stopped by Juuse Saros with a rebound.
5:26 of 2nd period - Snap shot by Josh Bailey.
5:26 of 2nd period - Shot Blocked by Marc Staal.
5:40 of 2nd period - Wrist shot by Patrice Bergeron.
5:40 of 2nd period - Deflect By Jason Pominville.
5:40 of 2nd period - Deflect By Ondrej Palat.
5:40 of 2nd period - Goal by Jason Pominville - Bruins : 1 - Capitals : 0.
5:41 of 2nd period - Claude Giroux wins face-off versus Sean Monahan in neutral zone.
5:59 of 2nd period - Ryan McDonagh is hit by Ondrej Palat and loses puck.
6:32 of 2nd period - Snap shot by Tom Kuhnhackl.
6:32 of 2nd period - Stopped by Jonathan Quick with a rebound.
7:37 of 2nd period - Wrist shot by Josh Bailey.
7:37 of 2nd period - Stopped by Juuse Saros with a rebound.
7:39 of 2nd period - Wrist shot by Josh Bailey.
7:39 of 2nd period - Deflect By Valtteri Filppula.
7:39 of 2nd period - Shot Misses the Net.
7:39 of 2nd period - Puck is out of play.
7:40 of 2nd period - Travis Zajac wins face-off versus Valtteri Filppula in Bruins zone.
8:00 of 2nd period - Josh Bailey is hit by Ryan McDonagh and loses puck.
8:11 of 2nd period - Ryan McDonagh is hit by Brock Nelson and loses puck.
9:04 of 2nd period - Snap shot by Riley Sheahan.
9:04 of 2nd period - Deflect By Jason Chimera.
9:04 of 2nd period - Shot Misses the Net.
9:04 of 2nd period - Puck is out of play.
9:05 of 2nd period - Sean Monahan wins face-off versus Ondrej Palat in Bruins zone.
9:22 of 2nd period - Snap shot by Alex Killorn.
9:22 of 2nd period - Stopped by Jonathan Quick without a rebound.
9:23 of 2nd period - Travis Zajac wins face-off versus Valtteri Filppula in Capitals zone.
9:26 of 2nd period - Snap shot by Travis Zajac.
9:26 of 2nd period - Shot Blocked by Anton Stralman.
10:10 of 2nd period - Wrist shot by Sean Monahan.
10:10 of 2nd period - Shot Blocked by Valtteri Filppula.
10:20 of 2nd period - Anton Stralman is hit by David Desharnais and loses puck.
11:22 of 2nd period - Snap shot by Anders Bjork.
11:22 of 2nd period - Shot Blocked by Sean Monahan.
11:28 of 2nd period - Snap shot by Alex Killorn.
11:28 of 2nd period - Stopped by Jonathan Quick without a rebound.
11:29 of 2nd period - Claude Giroux wins face-off versus Patrice Bergeron in Capitals zone.
11:42 of 2nd period - Snap shot by Claude Giroux.
11:42 of 2nd period - Stopped by Juuse Saros with a rebound.
13:01 of 2nd period - Xavier Ouellet is hit by Anders Bjork and loses puck.
13:14 of 2nd period - Xavier Ouellet is hit by Riley Sheahan and loses puck.
13:20 of 2nd period - Icing by Jakob Chychrun.
13:21 of 2nd period - Darren Helm wins face-off versus Patrice Bergeron in Bruins zone.
13:22 of 2nd period - Wrist shot by Anders Bjork.
13:22 of 2nd period - Shot Blocked by Xavier Ouellet.
13:26 of 2nd period - Snap shot by Darren Helm.
13:26 of 2nd period - Stopped by Juuse Saros without a rebound.
13:27 of 2nd period - Travis Zajac wins face-off versus Anders Bjork in Bruins zone.
13:42 of 2nd period - Wrist shot by Anders Bjork.
13:42 of 2nd period - Stopped by Juuse Saros without a rebound.
13:43 of 2nd period - Claude Giroux wins face-off versus Sean Monahan in Bruins zone.
15:02 of 2nd period - Wrist shot by Riley Sheahan.
15:02 of 2nd period - Deflect By Nick Shore.
15:02 of 2nd period - Shot Misses the Net.
15:02 of 2nd period - Puck is out of play.
15:03 of 2nd period - Sean Monahan wins face-off versus Riley Sheahan in Bruins zone.
15:18 of 2nd period - Snap shot by Jason Chimera.
15:18 of 2nd period - Stopped by Juuse Saros without a rebound.
15:19 of 2nd period - Patrice Bergeron wins face-off versus Claude Giroux in Bruins zone.
15:28 of 2nd period - Snap shot by Derick Brassard.
15:28 of 2nd period - Shot Misses the Net.
15:30 of 2nd period - Wrist shot by Jason Pominville.
15:30 of 2nd period - Shot Blocked by Claude Giroux.
15:32 of 2nd period - Snap shot by Patrice Bergeron.
15:32 of 2nd period - Shot Misses the Net.
15:34 of 2nd period - Slapshot by Xavier Ouellet.
15:34 of 2nd period - Shot Blocked by Oliver Ekman-Larsson.
15:53 of 2nd period - Wrist shot by Sean Monahan.
15:53 of 2nd period - Shot Misses the Net.
16:30 of 2nd period - Icing by Marc Staal.
16:31 of 2nd period - Travis Zajac wins face-off versus Valtteri Filppula in Bruins zone.
16:36 of 2nd period - Snap shot by Anthony Mantha.
16:36 of 2nd period - Shot Misses the Net.
16:38 of 2nd period - Wrist shot by Anthony Mantha.
16:38 of 2nd period - Shot Misses the Net.
16:42 of 2nd period - Wrist shot by Travis Zajac.
16:42 of 2nd period - Stopped by Jonathan Quick with a rebound.
16:44 of 2nd period - Slapshot by Jason Demers.
16:44 of 2nd period - Stopped by Jonathan Quick with a rebound.
17:40 of 2nd period - Slapshot by Oliver Ekman-Larsson.
17:40 of 2nd period - Shot Blocked by Patrice Bergeron.
18:28 of 2nd period - Backhand shot by David Desharnais.
18:28 of 2nd period - Shot Misses the Net.
18:30 of 2nd period - Snap shot by Tom Kuhnhackl.
18:30 of 2nd period - Shot Blocked by Zach Bogosian.
18:48 of 2nd period - Snap shot by Anthony Mantha.
18:48 of 2nd period - Stopped by Jonathan Quick without a rebound.
18:49 of 2nd period - Valtteri Filppula wins face-off versus Patrice Bergeron in Capitals zone.
19:47 of 2nd period - Snap shot by Kyle Okposo.
19:47 of 2nd period - Shot Misses the Net.
19:49 of 2nd period - Slapshot by Ryan McDonagh.
19:49 of 2nd period - Shot Misses the Net.
Goals for this period are 1 for Bruins vs 0 for Capitals.
Shots for this period are 11 for Bruins vs 8 for Capitals.

3rd period


0:01 of 3rd period - Patrice Bergeron wins face-off versus Brock Nelson in neutral zone.
0:42 of 3rd period - Minor Penalty to Jake Guentzel for Holding.
0:43 of 3rd period - Sean Monahan wins face-off versus Nick Shore in Capitals zone.
1:29 of 3rd period - Wrist shot by Jason Chimera.
1:29 of 3rd period - Stopped by Juuse Saros with a rebound.
1:31 of 3rd period - Wrist shot by Zach Bogosian.
1:31 of 3rd period - Shot Blocked by Ryan McDonagh.
2:42 of 3rd period - Penalty to Jake Guentzel is over, Jake Guentzel is back on ice.
2:53 of 3rd period - Snap shot by Josh Bailey.
2:53 of 3rd period - Stopped by Juuse Saros without a rebound.
2:54 of 3rd period - Claude Giroux wins face-off versus Matt Stajan in Bruins zone.
3:21 of 3rd period - Anton Stralman is hit by Anthony Mantha and loses puck.
4:07 of 3rd period - Slapshot by Claude Giroux.
4:07 of 3rd period - Deflect By Ondrej Palat.
4:07 of 3rd period - Stopped by Juuse Saros without a rebound.
4:08 of 3rd period - Claude Giroux wins face-off versus Travis Zajac in Bruins zone.
4:31 of 3rd period - Snap shot by Sean Monahan.
4:31 of 3rd period - Shot Misses the Net.
4:39 of 3rd period - Snap shot by Darren Helm.
4:39 of 3rd period - Stopped by Juuse Saros with a rebound.
4:49 of 3rd period - Patrice Bergeron is hit by Zach Bogosian and loses puck.
5:46 of 3rd period - Joel Edmundson is hit by Oliver Ekman-Larsson and loses puck.
5:55 of 3rd period - Wrist shot by Matt Stajan.
5:55 of 3rd period - Stopped by Jonathan Quick with a rebound.
5:57 of 3rd period - Backhand shot by David Desharnais.
5:57 of 3rd period - Shot Misses the Net.
5:59 of 3rd period - Slapshot by Jakob Chychrun.
5:59 of 3rd period - Stopped by Jonathan Quick without a rebound.
6:00 of 3rd period - Claude Giroux wins face-off versus Sean Monahan in Capitals zone.
6:02 of 3rd period - Minor Penalty to Zach Bogosian for Holding.
6:03 of 3rd period - Nick Shore wins face-off versus Patrice Bergeron in Capitals zone.
8:02 of 3rd period - Penalty to Zach Bogosian is over, Zach Bogosian is back on ice.
8:12 of 3rd period - Anton Stralman is hit by Tom Kuhnhackl.
8:22 of 3rd period - Claude Giroux is hit by Ryan McDonagh and loses puck.
8:42 of 3rd period - Slapshot by Matt Stajan.
8:42 of 3rd period - Shot Misses the Net.
8:44 of 3rd period - Wrist shot by Tom Kuhnhackl.
8:44 of 3rd period - Shot Misses the Net.
8:46 of 3rd period - Wrist shot by Joel Edmundson.
8:46 of 3rd period - Stopped by Jonathan Quick without a rebound.
8:47 of 3rd period - Valtteri Filppula wins face-off versus Sean Monahan in Capitals zone.
8:52 of 3rd period - Snap shot by Kyle Okposo.
8:52 of 3rd period - Shot Misses the Net.
9:00 of 3rd period - Snap shot by Valtteri Filppula.
9:00 of 3rd period - Stopped by Juuse Saros with a rebound.
9:02 of 3rd period - Slapshot by Ben Chiarot.
9:02 of 3rd period - Stopped by Juuse Saros without a rebound.
9:03 of 3rd period - Patrice Bergeron wins face-off versus Riley Sheahan in Bruins zone.
9:07 of 3rd period - Off-side.
9:08 of 3rd period - Patrice Bergeron wins face-off versus Riley Sheahan in neutral zone.
9:17 of 3rd period - Riley Sheahan is hit by Jakob Chychrun and loses puck.
10:06 of 3rd period - Wrist shot by Sean Monahan.
10:06 of 3rd period - Shot Misses the Net.
10:44 of 3rd period - Riley Sheahan is hit by Derick Brassard and loses puck.
11:34 of 3rd period - Icing by Ben Chiarot.
11:35 of 3rd period - Travis Zajac wins face-off versus Josh Bailey in Capitals zone.
11:38 of 3rd period - Snap shot by Anthony Mantha.
11:38 of 3rd period - Stopped by Jonathan Quick with a rebound.
11:44 of 3rd period - Snap shot by Jake Guentzel.
11:44 of 3rd period - Goal by Jake Guentzel - Bruins : 1 - Capitals : 1.
11:45 of 3rd period - Patrice Bergeron wins face-off versus Darren Helm in neutral zone.
12:01 of 3rd period - Ben Chiarot is hit by Ryan McDonagh and loses puck.
12:20 of 3rd period - Snap shot by Kyle Okposo.
12:20 of 3rd period - Stopped by Jonathan Quick without a rebound.
12:21 of 3rd period - Sean Monahan wins face-off versus Valtteri Filppula in Capitals zone.
12:36 of 3rd period - Wrist shot by Josh Bailey.
12:36 of 3rd period - Shot Blocked by Sean Monahan.
12:57 of 3rd period - Wrist shot by Travis Zajac.
12:57 of 3rd period - Shot Misses the Net.
13:22 of 3rd period - Scottie Upshall is hit by Patrice Bergeron and loses puck.
14:21 of 3rd period - Wrist shot by Travis Zajac.
14:21 of 3rd period - Shot Hit the Post.
14:23 of 3rd period - Wrist shot by Anthony Mantha.
14:23 of 3rd period - Shot Blocked by Oliver Ekman-Larsson.
14:25 of 3rd period - Snap shot by Nikolay Kulemin.
14:25 of 3rd period - Stopped by Jonathan Quick without a rebound.
14:26 of 3rd period - Patrice Bergeron wins face-off versus Darren Helm in Capitals zone.
14:33 of 3rd period - Snap shot by Derick Brassard.
14:33 of 3rd period - Stopped by Jonathan Quick with a rebound.
14:58 of 3rd period - Off-side.
14:59 of 3rd period - Travis Zajac wins face-off versus Valtteri Filppula in neutral zone.
15:01 of 3rd period - Jason Demers is hit by Ian Cole and loses puck.
15:12 of 3rd period - Snap shot by Valtteri Filppula.
15:12 of 3rd period - Stopped by Juuse Saros with a rebound.
15:15 of 3rd period - Icing by Travis Zajac.
15:16 of 3rd period - Travis Zajac wins face-off versus Darren Helm in Bruins zone.
15:27 of 3rd period - Wrist shot by Anthony Mantha.
15:27 of 3rd period - Shot Misses the Net.
15:29 of 3rd period - Slapshot by Jason Demers.
15:29 of 3rd period - Shot Blocked by Ben Chiarot.
15:31 of 3rd period - Slapshot by Anthony Mantha.
15:31 of 3rd period - Shot Misses the Net.
15:33 of 3rd period - Wrist shot by Travis Zajac.
15:33 of 3rd period - Shot Misses the Net.
15:35 of 3rd period - Slapshot by Jason Demers.
15:35 of 3rd period - Shot Blocked by Anders Bjork.
15:37 of 3rd period - Slapshot by Jason Demers.
15:37 of 3rd period - Stopped by Jonathan Quick without a rebound.
15:38 of 3rd period - Kyle Okposo wins face-off versus Claude Giroux in Capitals zone.
15:51 of 3rd period - Snap shot by Zach Bogosian.
15:51 of 3rd period - Shot Misses the Net.
15:53 of 3rd period - Wrist shot by Ondrej Palat.
15:53 of 3rd period - Shot Blocked by Xavier Ouellet.
15:55 of 3rd period - Snap shot by Ondrej Palat.
15:55 of 3rd period - Shot Misses the Net.
16:05 of 3rd period - Ian Cole is hit by Jakob Chychrun and loses puck.
16:12 of 3rd period - Slapshot by Derick Brassard.
16:12 of 3rd period - Shot Misses the Net.
16:14 of 3rd period - Slapshot by Patrice Bergeron.
16:14 of 3rd period - Shot Misses the Net.
16:16 of 3rd period - Slapshot by Jason Demers.
16:16 of 3rd period - Shot Misses the Net.
16:18 of 3rd period - Wrist shot by Patrice Bergeron.
16:18 of 3rd period - Shot Misses the Net.
16:51 of 3rd period - Off-side.
16:52 of 3rd period - Travis Zajac wins face-off versus Darren Helm in neutral zone.
17:17 of 3rd period - Ondrej Palat is hit by Alex Killorn and loses puck.
17:25 of 3rd period - Off-side.
17:26 of 3rd period - Darren Helm wins face-off versus Alex Killorn in neutral zone.
17:31 of 3rd period - Slapshot by Anton Stralman.
17:31 of 3rd period - Shot Misses the Net.
17:33 of 3rd period - Snap shot by Darren Helm.
17:33 of 3rd period - Stopped by Juuse Saros without a rebound.
17:34 of 3rd period - Darren Helm wins face-off versus Sean Monahan in Bruins zone.
17:41 of 3rd period - Snap shot by Anders Bjork.
17:41 of 3rd period - Stopped by Juuse Saros with a rebound.
17:43 of 3rd period - Snap shot by Oliver Ekman-Larsson.
17:43 of 3rd period - Stopped by Juuse Saros without a rebound.
17:44 of 3rd period - Travis Zajac wins face-off versus Darren Helm in Bruins zone.
18:09 of 3rd period - Snap shot by Claude Giroux.
18:09 of 3rd period - Shot Blocked by Alex Killorn.
18:11 of 3rd period - Wrist shot by Brock Nelson.
18:11 of 3rd period - Stopped by Juuse Saros with a rebound.
18:43 of 3rd period - Derick Brassard is hit by Valtteri Filppula and loses puck.
19:09 of 3rd period - Zach Bogosian is hit by Xavier Ouellet and loses puck.
Goals for this period are 0 for Bruins vs 1 for Capitals.
Shots for this period are 8 for Bruins vs 12 for Capitals.

Overtime #1


0:01 of 1st overtime period - Claude Giroux wins face-off versus Patrice Bergeron in neutral zone.
0:04 of 1st overtime period - Snap shot by Claude Giroux.
0:04 of 1st overtime period - Shot Blocked by Sean Monahan.
0:06 of 1st overtime period - Wrist shot by Claude Giroux.
0:06 of 1st overtime period - Stopped by Juuse Saros with a rebound.
0:08 of 1st overtime period - Wrist shot by Oliver Ekman-Larsson.
0:08 of 1st overtime period - Stopped by Juuse Saros without a rebound.
0:09 of 1st overtime period - Patrice Bergeron wins face-off versus Claude Giroux in Bruins zone.
0:14 of 1st overtime period - Wrist shot by Sean Monahan.
0:14 of 1st overtime period - Stopped by Jonathan Quick without a rebound.
0:15 of 1st overtime period - Patrice Bergeron wins face-off versus Claude Giroux in Capitals zone.
0:20 of 1st overtime period - Slapshot by Kyle Okposo.
0:20 of 1st overtime period - Stopped by Jonathan Quick without a rebound.
0:21 of 1st overtime period - Claude Giroux wins face-off versus Patrice Bergeron in Capitals zone.
0:52 of 1st overtime period - Wrist shot by Brock Nelson.
0:52 of 1st overtime period - Stopped by Juuse Saros with a rebound.
0:54 of 1st overtime period - Wrist shot by Ondrej Palat.
0:54 of 1st overtime period - Deflect By Jason Demers.
0:54 of 1st overtime period - Shot Misses the Net.
0:54 of 1st overtime period - Puck is out of play.
0:55 of 1st overtime period - Claude Giroux wins face-off versus Sean Monahan in Bruins zone.
1:04 of 1st overtime period - Snap shot by Claude Giroux.
1:04 of 1st overtime period - Shot Blocked by Ryan McDonagh.
1:25 of 1st overtime period - Wrist shot by Derick Brassard.
1:25 of 1st overtime period - Goal by Derick Brassard - Bruins : 2 - Capitals : 1.
Goals for this period are 1 for Bruins vs 0 for Capitals.
Shots for this period are 3 for Bruins vs 3 for Capitals.